 Dungeon Crawl Stone Soup version 0.29.1-12-g30fa7ad0bf (webtiles) character file.

Game seed: 6895371009620002519

1188 cheesebisquit the Covert (level 8, -1/44 HPs)
             Began as a Kobold Brigand on Jan 15, 2023.
             Was an Initiate of Wu Jian.
             Slain by an ice beast (8 damage)
             ... on level 6 of the Dungeon.
             The game lasted 00:27:46 (5346 turns).

cheesebisquit the Covert (Kobold Brigand)           Turns: 5346, Time: 00:27:47

Health: -1/44      AC:  6    Str:  8    XL:     8   Next: 71%
Magic:  8/8        EV: 13    Int: 20    God:    Wu Jian [......]
Gold:   77         SH:  0    Dex: 19    Spells: 7/7 levels left

rFire   + . .      SeeInvis .   x - +2 dagger (venom)
rCold   . . .      Faith    .   (no shield)
rNeg    . . .      Spirit   .   o - +1 leather armour of Ilywn {Rampage rF+ Regen+ Int+2}
rPois   .          Reflect  .   y - +0 helmet
rElec   .          Harm     .   c - +0 cloak
rCorr   .          Rampage  +   (no gloves)
Will    .....                   (no boots)
Stlth   ++++++....              (no amulet)
HPRegen 0.94/turn               r - +6 ring of intelligence
MPRegen 0.11/turn               (no ring)

@: hasted, very quick
A: small, no large weapons, nightstalker 3
a: Renounce Religion


You were on level 6 of the Dungeon.
You worshipped Wu Jian.
Wu Jian was noncommittal.
You visited 2 branches of the dungeon, and saw 7 of its levels.

You collected 285 gold pieces.
You spent 208 gold pieces at shops.

Inventory:

Hand Weapons
 a - a +2 dagger
 p - a +1 dagger of protection
 q - a +3 short sword
 x - a +2 dagger of venom (weapon)
Missiles
 d - 15 poisoned darts (quivered)
 e - 3 curare-tipped darts
 h - 72 stones
Armour
 b - a +0 robe
 c - a +0 cloak (worn)
 o - the +1 leather armour of Ilywn (worn) {Rampage rF+ Regen+ Int+2}
   (You found it on level 2 of the Dungeon)

   Int:       It affects your intelligence (+2).
   rF:        It protects you from fire.
   Regen:     It increases your rate of health regeneration.
   Rampage:   It bestows one free step when moving towards enemies.
 y - a +0 helmet (worn)
Jewellery
 r - a +6 ring of intelligence (left hand)
Wands
 B - a wand of flame (17)
Scrolls
 f - 2 scrolls of butterflies
 g - 2 scrolls of noise
 j - a scroll of immolation
 n - a scroll of teleportation
 t - a scroll of torment
 u - a scroll of poison {unknown}
 v - a scroll of enchant armour {unknown}
 w - a scroll of blinking {unknown}
 z - a scroll of fear {unknown}
Potions
 i - a potion of might
 k - a potion of haste
 l - 2 potions of curing
 m - 3 potions of heal wounds
 s - a potion of mutation
 A - a potion of invisibility


   Skills:
 - Level 2.1 Fighting
 - Level 7.5 Short Blades
 - Level 2.1 Throwing
 - Level 1.2 Dodging
 + Level 12.6 Stealth


You had 7 spell levels left.
You didn't know any spells.
Your spell library contained the following spells:

 Spells                   Type           Power      Damage    Failure   Level
 Poisonous Vapours        Pois/Air       0%         N/A       38%         2
 Gell's Gravitas          Tloc           0%         N/A       63%         3
 Lesser Beckoning         Tloc           0%         N/A       63%         3
 Teleport Other           Tloc           0%         N/A       63%         3
 Corpse Rot               Necr/Pois/Air  0%         N/A       95%         4
 Olgreb's Toxic Radiance  Pois           0%         N/A       95%         4
 Ozocubu's Refrigeration  Ice            0%         4d7       100%        7
 Ignition                 Fire           0%         3d3       100%        8


Dungeon Overview and Level Annotations

Branches:
Dungeon (6/15)             Temple (1/1) D:5

Altars:
Ashenzari
Cheibriados
Dithmenos
Elyvilon
Fedhas
Hepliaklqana
Makhleb
Nemelex Xobeh
Okawaru
Qazlal
Ru
Sif Muna
Trog
Uskayaw
Vehumet
Wu Jian
Xom
The Shining One

Shops:
D:2 *   D:4 =*!=[


Innate Abilities, Weirdness & Mutations

You are small and have problems with some larger weapons.
You are completely attuned to the shadows.


Message History

An ice beast comes into view.
You rampage towards the ice beast!
You hit the ice beast.
The ice beast is lightly wounded.
You hit the ice beast but do no damage.
The ice beast is lightly wounded.
The ice beast hits you. The ice beast freezes you!
You hit the ice beast but do no damage.
The ice beast is lightly wounded.
The ice beast hits you but does no damage.
You closely miss the ice beast.
The ice beast is lightly wounded.
You closely miss the ice beast.
The ice beast is lightly wounded.
The ice beast barely misses you.
You closely miss the ice beast.
The ice beast is lightly wounded.
You hit the ice beast but do no damage.
The ice beast is poisoned.
The ice beast is lightly wounded.
The ice beast hits you. The ice beast freezes you!
You hit the ice beast.
The ice beast is lightly wounded.
The ice beast closely misses you.
You hit the ice beast but do no damage.
The ice beast is moderately wounded.
You closely miss the ice beast.
The ice beast is moderately wounded.
The ice beast hits you. The ice beast freezes you!
You hit the ice beast.
The ice beast looks even sicker.
The ice beast is moderately wounded.
You hit the ice beast.
The ice beast is moderately wounded.
The ice beast misses you.
You hit the ice beast.
The ice beast is moderately wounded.
The ice beast hits you. The ice beast freezes you!
* * * LOW HITPOINT WARNING * * *
You feel yourself speed up. The ice beast hits you.
* * * LOW HITPOINT WARNING * * *
The ice beast freezes you!
You die...

......##
........#
.........#.....
..........#.....
........[)#.....
......[[..#.....
#........##.....
........)).)....
....@.>...#.....
....Y.........##
..........#.###
..?.<........
.........##.
......(...
......###
###....


You could see an ice beast (very poisoned).

Vanquished Creatures
  2 ogres
  A centaur (D:5)
  2 phantoms (D:5)
  2 necrophages
  2 scorpions (D:5)
  A howler monkey (D:4)
  2 hounds (D:5)
  2 iguanas
  4 orc wizards
  7 adders
  11 gnolls
  2 ufetubi (D:5)
  3 worms
  2 dart slugs
  16 orcs
  5 endoplasms
  2 giant cockroaches
  6 goblins
  9 hobgoblins
  7 jackals (D:1)
  4 quokkas
  5 ball pythons
  5 bats
  4 frilled lizards
  5 kobolds
  9 rats
120 creatures vanquished.

Notes
Turn   | Place    | Note
-------+----------+-------------------------------------------
     0 | D:1      | cheesebisquit the Kobold Brigand began the quest for the
                  | Orb.
     0 | D:1      | Reached XP level 1. HP: 12/12 MP: 1/1
   148 | D:1      | Reached XP level 2. HP: 10/17 MP: 2/2
   543 | D:1      | Reached XP level 3. HP: 19/21 MP: 3/3
  1113 | D:2      | Found a faded altar of an unknown god.
  1223 | D:2      | Identified the +1 leather armour of Ilywn {Rampage rF+
                  | Regen+ Int+2}
  1242 | D:2      | Reached skill level 5 in Short Blades
  1263 | D:2      | Found Dopu's General Store.
  1302 | D:2      | Reached XP level 4. HP: 26/26 MP: 4/4
  1941 | D:3      | Found an iron altar of Okawaru.
  2124 | D:3      | Reached XP level 5. HP: 21/30 MP: 5/5
  2199 | D:3      | Found a shimmering altar of Xom.
  2208 | D:3      | Found a glowing golden altar of the Shining One.
  2226 | D:3      | Found a hide-covered altar of Uskayaw.
  2229 | D:3      | Found a radiant altar of Vehumet.
  2627 | D:3      | HP: 1/30 [gnoll/+0 spear (2)]
  2947 | D:4      | Found Boud's Assorted Antiques.
  2951 | D:4      | Bought a brass ring for 130 gold pieces
  2951 | D:4      | Bought a scroll of identify for 52 gold pieces
  3001 | D:4      | Bought a scroll labelled DIREUG WUWAIJU for 26 gold pieces
  3050 | D:4      | Found Jutoosuh's Distillery.
  3072 | D:4      | Found a sparkling altar of Nemelex Xobeh.
  3150 | D:4      | Reached XP level 6. HP: 35/35 MP: 6/6
  3176 | D:4      | Reached skill level 6 in Stealth
  3188 | D:4      | Noticed a water moccasin
  3362 | D:4      | Reached skill level 7 in Stealth
  3372 | D:4      | Found Ydef's Armour Boutique.
  3396 | D:4      | Found Oguog's Jewellery Shop.
  3590 | D:4      | Reached XP level 7. HP: 38/40 MP: 7/7
  3663 | D:4      | Reached skill level 8 in Stealth
  3682 | D:4      | Found Kuas's Jewellery Boutique.
  3959 | D:4      | Found a hazy altar of Hepliaklqana.
  4115 | D:5      | Entered Level 5 of the Dungeon
  4136 | D:5      | Reached skill level 9 in Stealth
  4314 | D:5      | Reached skill level 10 in Stealth
  4330 | D:5      | Reached XP level 8. HP: 44/44 MP: 8/8
  4339 | D:5      | Found a staircase to the Ecumenical Temple.
  4345 | Temple   | Entered the Ecumenical Temple
  4559 | D:5      | Found an ornate altar of the Wu Jian Council.
  4563 | D:5      | Noticed a spectral centipede
  4563 | D:5      | Noticed a spectral black mamba
  4564 | D:5      | Became a worshipper of the Wu Jian Council
  4727 | D:5      | Reached skill level 11 in Stealth
  5171 | D:5      | Reached skill level 12 in Stealth
  5346 | D:6      | Slain by an ice beast

Illustrated notes

Levels and vault maps discovered:
D:1:      minmay_arrival_widening_spiral_narrow, layout_loops_ring
D:2:      layout_loops_cross, ebering_ecumenical_altar_mist, serial_shops,
          nicolae_shop_crystal, minmay_misc_feat_more_columns
D:3:      layout_basic, okawaru_altar_gauntlet_db,
          grunt_temple_overflow_cloverleaf, st_stairs_14, feat_on_display
D:4:      layout_basic, nemelex_altar_shiori, nicolae_hepliaklqana_hippocampus,
          serial_shops, shop, nicolae_shop_advertising_works
          [nicolae_subvault_shop_adworks], nicolae_diamond_shop, shop,
          nicolae_square_shop, dk_noncrumbling_4
D:5:      layout_loops_corners, pdpol_wu_jian_five_deadly_venoms,
          minmay_temple_entry_gardened_gates, kennysheep_generic_room_10
D:6:      layout_rooms, yredelemnul_forgotten_temple_becter, st_stairs_5,
          kennysheep_cross_room
Temple:   zaba_magenta_temple

Skill      XL: |  1  2  3  4  5  6  7  8 |
---------------+-------------------------+-----
Short Blades   | 3 4 5 6 7 |  7.5
Stealth        | 7 10 12 | 12.6
Fighting       | |  2.1
Throwing       | |  2.1
Dodging        | |  1.2

Action                   |  1- 3 |  4- 6 |  7- 9 || total
-------------------------+-------+-------+-------++-------
Melee: Dagger            |    76 |   111 |   128 ||   315
       Punch             |     1 |     1 |     1 ||     3
       Short sword       |       |   123 |    11 ||   134
Throw: Dart              |       |     1 |     6 ||     7
  Use: Potion            |       |     3 |     1 ||     4
       Scroll            |       |     4 |     6 ||    10
 Stab: Sleeping          |    21 |    11 |    18 ||    50
       Distracted        |       |     3 |     2 ||     5
Armor: Leather armour    |    14 |    39 |    15 ||    68
Dodge: Dodged            |    31 |   102 |    34 ||   167
